Match 46735763
Unlisted

Match 46735763
End
Scout Squad
Construct Barracks
1⁄4-ton 4x4 Truck
Riflemen Squad
Engineer Squad
Riflemen Squad
Infantry Support Center
Construct Weapon Support Center
Selects Heavy Weapons
Selects Assault Carriers
M3 Assault Carrier
Construct Medical Station
Selects M2HB .50cal Heavy Machine Gun
M1919 Machine Gun Team
M1918 Browning Automatic Rifles
M3 Assault Carrier
Bazooka Squad
Grenade Package
Selects Exchangeable Parts
Riflemen Squad
Riflemen Squad
M1919 Machine Gun Team
M1 Mortar Team
Bazooka Squad
Selects M26 Pershing Heavy Tank
M26 Pershing Heavy Tank
Engineer Squad
M3 Assault Carrier
M3 Assault Carrier
Selects Rapid Reposition
Selects Black Dragon Artillery Barrage
M1919 Machine Gun Team
M3 Assault Carrier
Scout Squad
Construct Tank Depot
Evgir Unslaad
UMirinBrah?
0
0

Comments sign in to comment!

No comments posted yet!